Map: Odyssey LE

Players

SortOf

  • Race: Zerg Zerg
  • Spawn Location: 11:00

stakiimaN (stakimaN) - Winner!

  • Race: Zerg Zerg
  • Spawn Location: 5:00

Event: WCS Valencia 2017

VOD

Have the link to the VOD?

Description

Time

  • Played on: July 13, 2017, 7:09 a.m.
  • Length: 11:51

All games in this series

Show
View Real Time Build Order
Export as new Build Order

SortOf Zerg 

Build Orders: Hatch First, Zergling Baneling 

Get SALT Encoding   

  12  0:00  Drone  
  13  0:12  Overlord  
  13  0:16  Drone  
  14  0:31  Drone x2  
  14  0:35  Drone  
  17  0:51  Hatchery  
  17  0:55  Drone  
  17  0:58  Drone  
  17  1:00  Extractor  
  17  1:13  Spawning Pool  
  17  1:17  Drone  
  17  1:20  Drone  
  18  1:27  Drone  
  19  1:38  Overlord  
  19  2:02  Zergling x4  
  19  2:03  Queen x2  
  19  2:04  Zergling x2  
  19  2:07  Metabolic Boost  
  26  2:16  Drone  
  26  2:17  Drone  
  28  2:23  Drone  
  28  2:28  Drone  
  30  2:30  Baneling Nest  
  29  2:39  Drone x2  
  31  2:48  Zergling x2  
  31  2:49  Zergling x2  
  33  2:56  Overlord  
  33  3:00  Zergling x2  
  34  3:17  Drone  
  34  3:18  Hatchery, Drone x2  
  36  3:20  Zergling x4  
  36  3:22  Baneling x4  
  38  3:32  Zergling x8  
  41  3:45  Zergling x6  
  42  3:49  Drone  
  42  3:50  Overlord  
  42  3:52  Overlord  
  43  3:57  Baneling x3  
  43  4:00  Drone  
  43  4:01  Overlord  
  44  4:08  Queen  
  45  4:10  Baneling  
  45  4:14  Drone  
  45  4:18  Baneling  
  45  4:26  Drone x2  
  45  4:28  Drone  
  45  4:29  Drone  
  48  4:31  Roach Warren  
  44  4:48  Zergling x4  
  44  4:49  Zergling x14  
  52  4:54  Extractor  
  48  5:03  Drone x3  
  48  5:04  Drone x2  
  53  5:09  Overlord  
  53  5:16  Drone x2  
  53  5:20  Overlord  
  54  5:21  Drone x2  
  54  5:22  Roach  
  54  5:27  Drone  
  58  5:29  Overlord  
  58  5:32  Roach  
  58  5:34  Roach  
  58  5:35  Roach x5  
  71  5:38  Baneling  
  72  5:42  Roach  
  72  5:44  Overlord  
  72  5:45  Roach  
  72  5:49  Overlord  
  74  5:51  Drone x2  
  74  5:53  Drone x2  
  77  5:58  Extractor  
  77  6:02  Drone x5  
  80  6:06  Overlord  
  80  6:08  Drone  
  81  6:12  Lair  
  81  6:14  Evolution Chamber  
  81  6:15  Drone x2  
  82  6:20  Drone x2  
  82  6:22  Baneling x2  
  82  6:23  Drone  
  85  6:27  Drone x2  
  85  6:28  Overlord  
  87  6:33  Roach x2  
  87  6:37  Roach x3  
  94  6:43  Roach  
  90  6:48  Roach x4  
  90  6:52  Extractor  
  90  6:53  Overlord  
  97  6:54  Extractor  
  96  7:01  Zerg Missile Weapons Level 1  
  96  7:03  Drone x2  
  96  7:04  Drone x4  
  96  7:05  Overlord  
  102  7:14  Glial Reconstitution  
  102  7:15  Zergling x2  
  102  7:18  Hatchery  
  102  7:21  Roach x3  
  108  7:26  Roach x2  
  108  7:29  Roach  
  116  7:30  Roach  
  116  7:33  Roach x2  
  116  7:36  Roach x2  
  124  7:40  Roach x2  
  124  7:42  Roach  
  130  7:45  Roach  
  130  7:49  Roach x3  
  138  7:52  Overlord  
  138  7:58  Drone x4  
  132  8:01  Ravager  
  132  8:02  Ravager  
  134  8:09  Baneling x2  
  134  8:11  Roach x3  
  140  8:18  Roach  
  140  8:19  Roach x2  
  146  8:21  Overseer  
  146  8:22  Overlord  
  146  8:30  Overlord  
  145  8:35  Roach x3  
  151  8:43  Roach x4  
  159  8:52  Roach  
  159  8:53  Roach x4  
  159  8:54  Ravager x2  
  171  9:00  Roach x2  
  167  9:10  Roach x5  
  167  9:13  Roach  
  167  9:14  Roach  
  155  9:19  Roach x4  
  155  9:20  Overlord  
  163  9:27  Roach x3  
  163  9:28  Roach  
  167  9:35  Roach x4  
  153  9:43  Roach x4  
  153  9:45  Ravager  
  162  9:49  Roach x2  
  162  9:53  Roach  
  162  9:54  Roach  
  162  9:59  Roach x3  
  172  10:04  Roach  
  172  10:06  Roach  
  156  10:10  Roach  
  156  10:13  Roach  
  142  10:16  Roach x4  
  142  10:17  Roach x2  
  134  10:24  Roach x4  
  140  10:28  Roach  
  140  10:29  Roach  
  140  10:34  Roach x3  
  150  10:39  Roach x3  
  156  10:49  Roach x5  
  166  10:52  Overlord  
  166  11:00  Roach x4  
  168  11:07  Roach x3  
  159  11:12  Roach x2  
  157  11:19  Roach x2  
  157  11:21  Roach  
  162  11:29  Roach  
  162  11:31  Roach x3  
Show
View Real Time Build Order
Export as new Build Order

stakiimaN Zerg - Winner!

Build Orders: Hatch First, Zergling Baneling 

Get SALT Encoding   

  12  0:02  Drone  
  13  0:11  Overlord  
  13  0:16  Drone  
  14  0:31  Drone x2  
  14  0:34  Drone  
  17  0:53  Hatchery  
  17  0:54  Drone  
  18  0:57  Drone  
  18  1:07  Extractor  
  17  1:12  Spawning Pool  
  17  1:17  Drone  
  18  1:18  Drone  
  18  1:28  Drone  
  19  1:38  Overlord  
  19  1:51  Drone  
  20  1:58  Queen  
  20  2:00  Zergling x2  
  23  2:04  Queen  
  23  2:05  Drone  
  23  2:07  Metabolic Boost  
  26  2:11  Drone  
  27  2:16  Drone  
  27  2:21  Drone  
  29  2:26  Drone  
  30  2:32  Drone  
  31  2:37  Drone  
  31  2:40  Baneling Nest  
  31  2:43  Zergling x2  
  32  2:50  Zergling x2  
  33  2:55  Zergling x2  
  34  2:59  Overlord  
  34  3:02  Queen  
  35  3:15  Zergling x2  
  35  3:16  Overlord  
  35  3:17  Drone x6  
  41  3:25  Baneling x2  
  41  3:27  Zergling x2  
  41  3:29  Zergling x2  
  42  3:42  Zergling x4  
  42  3:45  Zergling x2  
  42  3:46  Baneling x2  
  42  3:47  Zergling x2  
  42  3:48  Zergling x8  
  47  3:51  Drone  
  47  3:54  Drone  
  49  4:00  Extractor, Drone  
  49  4:04  Drone  
  48  4:11  Overlord  
  48  4:14  Baneling  
  48  4:15  Baneling x2  
  48  4:16  Hatchery  
  46  4:17  Drone  
  46  4:18  Drone x2  
  46  4:19  Drone x3  
  52  4:24  Overlord  
  52  4:27  Overlord  
  52  4:29  Zergling x2  
  52  4:35  Zergling x2  
  52  4:37  Baneling x2  
  52  4:38  Drone  
  53  4:41  Roach Warren  
  53  4:45  Baneling, Drone x2  
  53  4:46  Drone  
  53  4:49  Drone x2  
  53  4:51  Drone  
  53  4:52  Drone x2  
  58  5:01  Overlord  
  58  5:02  Drone  
  58  5:05  Lair  
  59  5:07  Extractor  
  59  5:08  Evolution Chamber  
  59  5:13  Overlord  
  57  5:15  Drone x4  
  57  5:21  Baneling x2  
  59  5:23  Roach  
  59  5:25  Roach  
  64  5:28  Roach  
  64  5:29  Baneling  
  64  5:35  Zergling x4, Roach x2  
  70  5:39  Roach  
  69  5:45  Zergling x2, Roach x2  
  69  5:48  Zergling x2, Roach  
  76  5:53  Zergling x2  
  73  5:57  Baneling  
  73  5:58  Baneling  
  73  6:00  Queen  
  73  6:02  Zergling x8, Roach x2  
  81  6:07  Drone x3  
  81  6:09  Drone  
  81  6:10  Drone  
  81  6:11  Drone  
  86  6:13  Glial Reconstitution, Drone  
  86  6:16  Drone x2  
  89  6:21  Roach  
  89  6:23  Roach  
  89  6:24  Roach  
  95  6:29  Spine Crawler  
  95  6:31  Overlord  
  94  6:33  Roach  
  94  6:34  Roach  
  94  6:36  Zergling x2  
  94  6:38  Roach  
  94  6:41  Zergling x2, Roach  
  94  6:43  Roach  
  94  6:45  Zergling x2  
  95  6:47  Roach  
  95  6:50  Drone  
  95  6:51  Extractor  
  95  6:53  Extractor  
  96  6:55  Zerg Missile Weapons Level 1  
  96  6:56  Drone x3  
  99  7:02  Drone x3  
  99  7:07  Overlord x2  
  102  7:09  Overlord  
  102  7:13  Hatchery  
  101  7:18  Drone x3  
  101  7:19  Baneling x3  
  101  7:21  Drone  
  105  7:26  Drone x2  
  105  7:27  Drone  
  105  7:29  Overlord x3  
  108  7:34  Burrow, Overlord  
  108  7:35  Overlord  
  108  7:36  Overlord  
  108  7:41  Roach x2  
  108  7:42  Roach  
  114  7:46  Roach  
  114  7:47  Roach  
  118  7:53  Roach  
  118  7:54  Roach x4  
  127  7:59  Overlord  
  127  8:00  Overlord  
  127  8:01  Tunneling Claws  
  127  8:06  Drone  
  127  8:09  Roach x2  
  132  8:13  Roach x2  
  132  8:14  Roach  
  132  8:16  Roach  
  132  8:19  Roach x2  
  144  8:26  Roach x2  
  148  8:28  Zergling x2, Roach  
  148  8:29  Zergling x2  
  148  8:30  Zergling x2  
  148  8:33  Zergling x2, Roach  
  148  8:34  Zergling x4  
  155  8:42  Roach x2  
  155  8:43  Roach x2  
  155  8:45  Roach x2  
  155  8:46  Ravager  
  155  8:47  Ravager x2  
  155  8:48  Roach  
  172  8:50  Roach  
  172  8:51  Roach  
  172  8:52  Roach  
  172  8:53  Roach  
  179  8:56  Roach  
  179  8:57  Roach  
  179  8:59  Zergling x2, Roach  
  179  9:00  Zergling x2  
  179  9:01  Roach  
  178  9:12  Roach  
  178  9:16  Zergling x2, Roach  
  174  9:17  Roach  
  174  9:18  Roach x4  
  174  9:19  Roach  
  182  9:24  Roach  
  182  9:27  Roach x2  
  186  9:32  Roach x2  
  186  9:34  Roach x27  
  186  9:37  Roach x2  
  175  9:39  Roach  
  175  9:42  Roach  
  179  9:48  Roach  
  179  9:49  Roach x2  
  185  9:55  Roach  
  187  10:00  Roach  
  187  10:02  Roach  
  187  10:04  Roach  
  187  10:06  Roach  
  176  10:09  Roach  
  176  10:10  Roach  
  176  10:11  Roach  
  165  10:17  Roach  
  165  10:18  Roach  
  165  10:19  Roach x2  
  165  10:21  Roach x21  
  165  10:22  Extractor  
  165  10:23  Roach  
  165  10:25  Extractor  
  165  10:27  Roach x3  
  165  10:29  Roach x2  
  165  10:35  Roach  
  171  10:38  Roach x5  
  171  10:40  Roach x8  
  171  10:41  Roach  
  171  10:42  Roach x3  
  179  10:47  Roach  
  175  10:51  Roach x2  
  175  10:53  Roach  
  175  10:55  Roach  
  175  10:56  Roach x11  
  189  11:01  Roach  
  189  11:03  Roach  
  193  11:05  Roach  
  193  11:07  Roach x3  
  193  11:08  Roach x8  
  199  11:23  Roach  
  198  11:26  Drone x4  
  198  11:27  Drone x2  
  198  11:28  Roach  
  198  11:30  Roach  
  198  11:31  Roach x2  
Tags
 
Add a new tag
Caveats
  • Supply blocks, unpowered buildings, or Contaminate may cause inaccurate times.
  • Supply counts are checked every 10 seconds.